 Dungeon Sprint DCSS version 0.28.0-53-g5a82cb258f (webtiles) character file.

Game seed: 8444397694901842104

1260 Zeld the Cleaver (level 8, 0/83 HPs)
             Began as a Minotaur Berserker on June 12, 2022.
             Was a Priest of Trog.
             Slain by Sonja
             ... wielding a +0 dagger of distortion
              (10 damage)
             ... in the Dungeon (Sprint I: "Red Sonja").
             The game lasted 00:01:10 (1643 turns).

Zeld the Cleaver (Minotaur Berserker)               Turns: 1643, Time: 00:01:11

Health: 0/83       AC:  2    Str: 25    XL:     8   Next: 27%
Magic:  7/7        EV: 14    Int:  4    God:    Trog [***...]
Gold:   405        SH:  0    Dex:  9    Spells: 7/7 levels left

rFire   . . .      SeeInvis .   a - +1 broad axe (drain)
rCold   . . .      Faith    .   (no shield)
rNeg    . . .      Spirit   .   b - +0 animal skin
rPois   .          Reflect  .   (helmet restricted)
rElec   .          Harm     .   (no cloak)
rCorr   .          Rampage  .   (no gloves)
Will    .....      NoTele   +   (no boots)
Stlth   +.........              (no amulet)
HPRegen 0.23/turn               (no ring)
MPRegen 0.10/turn               (no ring)

@: no status effects
A: horns 2, retaliatory headbutt
a: Renounce Religion, Berserk, Trog's Hand


You were in the Dungeon.
You worshipped Trog.
Trog was most pleased with you.
You visited 1 branch You collected 405 gold pieces.

Inventory:

Hand Weapons
 a - a +1 broad axe of draining (weapon)
Armour
 b - a +0 animal skin (worn)
Wands
 i - a wand of digging (2)
 j - a wand of flame (14)
Scrolls
 h - a scroll of blinking
 k - a scroll of fog {unknown}
 l - a scroll of vulnerability {unknown}
Potions
 c - a potion of curing
 e - a potion of haste
 f - 2 potions of magic
 g - a potion of berserk rage


   Skills:
 * Level 12.3 Fighting
 * Level 12.3 Axes
 + Level 8.7 Armour
 + Level 8.2 Dodging
 + Level 5.8 Evocations


You had 7 spell levels left.
You didn't know any spells.
Your spell library was empty.

Dungeon Overview and Level Annotations

Branches:
Dungeon (1/1)

Altars:
Cheibriados
Dithmenos
Elyvilon
Fedhas
Gozag
Hepliaklqana
Kikubaaqudgha
Makhleb
Nemelex Xobeh
Okawaru
Qazlal
Ru
Sif Muna
Trog
Uskayaw
Vehumet
Wu Jian
Xom
Yredelemnul
Zin
The Shining One
Jiyva
Lugonu

Shops:
D (

Annotations:
D Sonja


Innate Abilities, Weirdness & Mutations

You have a pair of horns on your head.
You reflexively headbutt those who attack you in melee.


Message History

* * * LOW HITPOINT WARNING * * *
Sonja barely misses you.
Sonja hits you with a +0 dagger of distortion.
* * * LOW HITPOINT WARNING * * *
Sonja shouts, "Hah!
Missed me again!"
Sonja throws a curare-tipped dart.
The curare-tipped dart barely misses you.
Sonja drinks a potion.
Sonja is healed!
Aiming: Throw Flame
Press: ? - help, Shift-Dir - straight line, f/p - Sonja
Aim: Sonja, wielding a +0 dagger of distortion, quivering curare-tipped darts and carrying a wand of digging (8) (heavily wounded, 33% to hit)
The puff of flame misses Sonja.
Sonja gestures wildly while chanting.
Sonja blinks!
Unknown command.
Aiming: Throw Flame
Press: ? - help, Shift-Dir - straight line, f/p - Sonja
Aim: Sonja, wielding a +0 dagger of distortion, quivering curare-tipped darts and carrying a wand of digging (8) (heavily wounded, 33% to hit)
The puff of flame misses Sonja.
Sonja gestures wildly while chanting.
Sonja blinks!
Unknown command.
Aiming: Throw Flame
Press: ? - help, Shift-Dir - straight line, f/p - Sonja
Aim: Sonja, wielding a +0 dagger of distortion, quivering curare-tipped darts and carrying a wand of digging (8) (heavily wounded, 33% to hit)
The puff of flame misses Sonja.
Sonja throws a curare-tipped dart.
The curare-tipped dart barely misses you.
Unknown command.
Aiming: Throw Flame
Press: ? - help, Shift-Dir - straight line, f/p - Sonja
Aim: Sonja, wielding a +0 dagger of distortion, quivering curare-tipped darts and carrying a wand of digging (8) (heavily wounded, 33% to hit)
The puff of flame hits Sonja!
Sonja is severely wounded.
Unknown command.
Aiming: Throw Flame
Press: ? - help, Shift-Dir - straight line, f/p - Sonja
Aim: Sonja, wielding a +0 dagger of distortion, quivering curare-tipped darts and carrying a wand of digging (8) (severely wounded, 33% to hit)
The puff of flame misses Sonja.
Sonja hits you with a +0 dagger of distortion!
You die...

##########################
#<.#..)..#..'..#__#..)...#
#..').#..').#..'..'..#...#
#..#####'#####'#__####...+
#..####..#...#)#### #####
#..#__####..##.#
#..#_____##K#_.+
#⌠⌠#_.∩...'.@._#
####_..__##_.#'#
#_____###'#.# #######
#.### $.$ $.$# ##.## #+#


You could see Sonja.

Vanquished Creatures
  2 kobold demonologists (D)
  A slime creature (D)
  Sigmund (D)
  A yak (D)
  A floating eye (D)
  An ogre (D)
  A jelly (D)
  Ijyb (D)
9 creatures vanquished.

Notes
Turn   | Place    | Note
-------+----------+-------------------------------------------
     0 | D        | Zeld the Minotaur Berserker began the quest for the Orb.
     0 | D        | Reached XP level 1. HP: 19/19 MP: 0/0
     2 | D        | Noticed Ijyb
     7 | D        | Killed Ijyb
     8 | D        | Reached skill level 5 in Fighting
     8 | D        | Reached skill level 5 in Axes
     8 | D        | Reached XP level 2. HP: 29/29 MP: 1/1
   350 | D        | Noticed an ogre
   356 | D        | Killed an ogre
   357 | D        | Reached XP level 3. HP: 33/39 MP: 2/2
   357 | D        | Reached XP level 4. HP: 40/47 MP: 3/3
   582 | D        | Noticed Sigmund
   588 | D        | Killed Sigmund
   588 | D        | Reached ** piety under Trog
   589 | D        | Reached skill level 5 in Dodging
   589 | D        | Reached XP level 5. HP: 56/56 MP: 4/4
   589 | D        | Reached XP level 6. HP: 62/62 MP: 5/5
   784 | D        | Found a burning altar of Makhleb.
   784 | D        | Found a viscous altar of Jiyva.
   784 | D        | Found a shimmering altar of Xom.
   784 | D        | Found a corrupted altar of Lugonu.
   784 | D        | Noticed a slime creature
   792 | D        | Killed a slime creature
   793 | D        | Reached skill level 10 in Fighting
   793 | D        | Reached skill level 10 in Axes
  1006 | D        | Found an ornate altar of the Wu Jian Council.
  1006 | D        | Found a shimmering blue altar of Sif Muna.
  1008 | D        | Found a radiant altar of Vehumet.
  1043 | D        | Found Duliucs's Weapon Emporium.
  1043 | D        | Found an ancient bone altar of Kikubaaqudgha.
  1043 | D        | Found a hazy altar of Hepliaklqana.
  1043 | D        | Found a hide-covered altar of Uskayaw.
  1043 | D        | Found a basalt altar of Yredelemnul.
  1043 | D        | Found an opulent altar of Gozag.
  1043 | D        | Found a snail-covered altar of Cheibriados.
  1043 | D        | Found a sacrificial altar of Ru.
  1043 | D        | Found a shadowy altar of Dithmenos.
  1043 | D        | Noticed a yak
  1044 | D        | Found a stormy altar of Qazlal.
  1044 | D        | Found a blossoming altar of Fedhas.
  1044 | D        | Found a bloodstained altar of Trog.
  1044 | D        | Found an iron altar of Okawaru.
  1044 | D        | Found a glowing golden altar of the Shining One.
  1044 | D        | Found a glowing silver altar of Zin.
  1044 | D        | Found a white marble altar of Elyvilon.
  1048 | D        | Killed a yak
  1049 | D        | Reached XP level 7. HP: 59/73 MP: 6/6
  1049 | D        | Found a sparkling altar of Nemelex Xobeh.
  1215 | D        | Noticed a kobold demonologist
  1216 | D        | Paralysed by a floating eye for 4 turns
  1220 | D        | Noticed a kobold demonologist
  1221 | D        | Reached skill level 5 in Evocations
  1221 | D        | Noticed a chaos spawn
  1224 | D        | Killed a kobold demonologist
  1224 | D        | Reached *** piety under Trog
  1226 | D        | Killed a kobold demonologist
  1227 | D        | Reached XP level 8. HP: 83/83 MP: 7/7
  1630 | D        | Noticed Sonja
  1643 | D        | Slain by Sonja

Illustrated notes

Levels and vault maps discovered:
D:        dungeon_sprint_1 [red_sonja_temple_1, red_sonja_temple_small_1]

Skill      XL: |  1  2  3  4  5  6  7 |
---------------+----------------------+-----
Fighting       | 5 7 8 10 12 | 12.3
Axes           | 5 7 9 10 12 | 12.3
Armour         | 3 4 6 7 8 |  8.7
Dodging        | 3 4 5 7 8 |  8.2
Evocations     | 2 3 4 5 |  5.8

Action                   |  1- 3 |  4- 6 |  7- 9 || total
-------------------------+-------+-------+-------++-------
Melee: Hand axe          |     8 |    12 |       ||    20
       Headbutt          |     1 |     4 |     1 ||     6
       Broad axe         |       |     3 |     9 ||    12
Invok: Berserk           |     2 |     2 |     1 ||     5
Evoke: Wand              |       |       |     8 ||     8
  Use: Potion            |       |       |     1 ||     1
Dodge: Dodged            |     2 |     6 |    12 ||    20
